 Dungeon Crawl Stone Soup version 0.21.1-1-g345015f (webtiles) character file.

816 Krilegs the Charmwright (level 7, -3/56 HPs)
             Began as a Gnoll Skald on May 7, 2018.
             Slain by a mummy (14 damage)
             ... in an ossuary.
             The game lasted 00:16:35 (6167 turns).

Krilegs the Charmwright (Gnoll Skald)               Turns: 6167, Time: 00:16:36

Health: -3/56      AC:  6    Str: 14 (15) XL:     7   Next: 94%
Magic:  9/15       EV: 14    Int: 14 (15) God:
Gold:   189        SH:  0    Dex: 13 (15) Spells: 6/17 levels left

rFire    . . .     SeeInvis .   a - +1 falchion
rCold    . . .     Gourm    .   (no shield)
rNeg     . . .     Faith    .   b - +1 leather armour
rPois    .         Spirit   .   p - +0 helmet
rElec    .         Reflect  .   (no cloak)
rCorr    .         Harm     .   q - +0 pair of gloves
MR       .....                  (no boots)
Stlth    +++.......             j - amulet of rage
HPRegen  1.18/turn              g - ring of stealth
MPRegen  0.14/turn              (no ring)

@: regenerating, slowed, very slow
A: distributed training, fangs 1, strong nose
a: Evoke Berserk Rage


You were in an ossuary.
You were hungry.

You visited 1 branch of the dungeon, and saw 6 of its levels.
You also visited: Ossuary.

You collected 189 gold pieces.

Inventory:

Hand Weapons
 a - a +1 falchion (weapon)
 n - a +2 mace of holy wrath
Armour
 b - a +1 leather armour (worn)
 p - a +0 helmet (worn)
 q - a +0 pair of gloves (worn)
Jewellery
 g - a ring of stealth (left hand)
 j - an amulet of rage (around neck)
 l - an uncursed amulet of magic regeneration {unknown}
Wands
 o - a wand of polymorph (13)
 s - a wand of iceblast (7)
Scrolls
 e - a scroll of enchant weapon
 h - a scroll of teleportation
 i - 3 scrolls of enchant armour
 k - 6 scrolls of remove curse
 m - 2 scrolls of identify
 t - a scroll of amnesia
Potions
 f - a potion of lignification
 r - 2 potions of curing {unknown}
 v - a potion of brilliance
Books
 c - a book of Battle

   Spells                             Type                      Level
   a - Infusion                       Charms                       1
   b - Shroud of Golubria             Charms/Translocation         2
   c - Song of Slaying                Charms                       2
   d - Spectral Weapon                Hexes/Charms                 3
   e - Regeneration                   Charms/Necromancy            3
Comestibles
 d - 9 rations
 u - a chunk of flesh


   Skills:
 + Level 5.4 Fighting
 + Level 2.7 Short Blades
 + Level 5.4 Long Blades
 + Level 2.7 Axes
 + Level 2.7 Maces & Flails
 + Level 2.7 Polearms
 + Level 2.7 Staves
 + Level 2.7 Slings
 + Level 2.7 Bows
 + Level 2.7 Crossbows
 + Level 2.7 Throwing
 + Level 3.8 Armour
 + Level 5.4 Dodging
 + Level 2.7 Stealth
 + Level 2.7 Shields
 + Level 2.7 Unarmed Combat
 + Level 5.7 Spellcasting
 + Level 2.2 Conjurations
 + Level 2.2 Hexes
 + Level 5.9 Charms
 + Level 2.2 Summonings
 + Level 2.2 Necromancy
 + Level 2.2 Translocations
 + Level 2.2 Transmutations
 + Level 2.2 Fire Magic
 + Level 2.2 Ice Magic
 + Level 2.2 Air Magic
 + Level 2.2 Earth Magic
 + Level 2.2 Poison Magic
 + Level 3.0 Invocations
 + Level 2.7 Evocations


You had 6 spell levels left.
You knew the following spells:

 Your Spells              Type           Power        Failure   Level  Hunger
a - Infusion              Chrm           ###.         1%          1    None
b - Shroud of Golubria    Chrm/Tloc      ###.......   5%          2    #......
c - Song of Slaying       Chrm           ###.....     2%          2    #......
d - Spectral Weapon       Hex/Chrm       ###.....     11%         3    ###....
e - Regeneration          Chrm/Necr      ###.......   11%         3    ###....


Dungeon Overview and Level Annotations

Branches:
Dungeon (6/15)
 Temple: D:4-7

Altars:
Dithmenos
Nemelex Xobeh


Innate Abilities, Weirdness & Mutations

Your experience applies equally to all skills.
You have very sharp teeth.
Your uncanny sense of smell can sniff out nearby items.


Message History

You hit the mummy but do no damage.
The mummy is moderately damaged.
The mummy hits you. The bog mummy misses you.
You slash the mummy!
The mummy is severely damaged.
The mummy hits you.
You hit the mummy.
The mummy is almost destroyed.
The bog mummy hits you! The mummy closely misses you.
Casting: Shroud of Golubria
Confirm with . or Enter, or press ? or * to list all spells.
Your skin crawls.
The bog mummy closely misses you. The mummy misses you.
You riposte.
You barely miss the mummy.
The mummy is almost destroyed.
Casting: Regeneration
Confirm with . or Enter, or press ? or * to list all spells.
Your skin crawls.
The bog mummy hits you!
* * * LOW HITPOINT WARNING * * *
The mummy hits you!
You die...

∆∆∆ #≈ ≈. ###≈#####
...#..∩# ∆∆∆
##≈Z#.∩.###∆∆∆ #
.M≈#...#.#∆∆∆
#≈≈#.##≈##M##+##.###
#P≈≈≈≈..M@......'.#
#≈##≈#.≈.#+#+#+#'###
≈≈P#P#.# #########


You could see a mummy and a bog mummy.

Vanquished Creatures
  Sigmund (D:6)
  The ghost of Krilegs the Ruffian, an amateur TrTm (D:3)
  A scorpion (D:6)
  A howler monkey (D:4)
  2 hounds (D:4)
  A centaur zombie (D:5)
  A centaur skeleton (D:5)
  An orc priest (D:6)
  An orc wizard (D:3)
  An iguana (D:4)
  A worker ant (D:5)
  3 gnolls (D:3)
  5 adders
  3 oozes
  2 worms (D:2)
  A dart slug (D:3)
  2 leopard geckos
  16 orcs
  2 ball pythons
  7 bats
  4 giant cockroaches
  7 goblins
  10 hobgoblins
  4 kobolds
  A quokka (D:3)
  11 frilled lizards
  A giant cockroach zombie (Ossuary)
  19 rats
110 creatures vanquished.

Notes
Turn   | Place    | Note
-------+----------+-------------------------------------------
     0 | D:1      | Krilegs the Gnoll Skald began the quest for the Orb.
     0 | D:1      | Reached XP level 1. HP: 20/20 MP: 6/6
   100 | D:1      | Reached XP level 2. HP: 21/26 MP: 7/7
   188 | D:1      | Learned a level 2 spell: Shroud of Golubria
   191 | D:1      | Learned a level 2 spell: Song of Slaying
   332 | D:1      | Reached XP level 3. HP: 23/31 MP: 9/9
   446 | D:1      | Learned a level 3 spell: Spectral Weapon
   464 | D:1      | Reached skill level 5 in Spellcasting
  1024 | D:2      | Reached skill level 1 in Invocations
  1393 | D:2      | Reached skill level 1 in Short Blades
  1393 | D:2      | Reached skill level 1 in Axes
  1393 | D:2      | Reached skill level 1 in Maces & Flails
  1393 | D:2      | Reached skill level 1 in Polearms
  1393 | D:2      | Reached skill level 1 in Staves
  1393 | D:2      | Reached skill level 1 in Slings
  1393 | D:2      | Reached skill level 1 in Bows
  1393 | D:2      | Reached skill level 1 in Crossbows
  1393 | D:2      | Reached skill level 1 in Throwing
  1393 | D:2      | Reached skill level 1 in Stealth
  1393 | D:2      | Reached skill level 1 in Shields
  1393 | D:2      | Reached skill level 1 in Unarmed Combat
  1393 | D:2      | Reached skill level 1 in Evocations
  1393 | D:2      | Reached XP level 4. HP: 31/38 MP: 11/11
  2323 | D:3      | Reached skill level 1 in Conjurations
  2323 | D:3      | Reached skill level 1 in Hexes
  2323 | D:3      | Reached skill level 1 in Summonings
  2323 | D:3      | Reached skill level 1 in Necromancy
  2323 | D:3      | Reached skill level 1 in Translocations
  2323 | D:3      | Reached skill level 1 in Transmutations
  2323 | D:3      | Reached skill level 1 in Fire Magic
  2323 | D:3      | Reached skill level 1 in Ice Magic
  2323 | D:3      | Reached skill level 1 in Air Magic
  2323 | D:3      | Reached skill level 1 in Earth Magic
  2323 | D:3      | Reached skill level 1 in Poison Magic
  2372 | D:3      | Reached XP level 5. HP: 9/43 MP: 0/12
  3181 | D:3      | Noticed Krilegs's ghost (amateur TrTm)
  3195 | D:3      | Killed Krilegs's ghost
  3195 | D:3      | Reached XP level 6. HP: 18/50 MP: 4/14
  3668 | D:3      | Reached skill level 5 in Fighting
  3668 | D:3      | Reached skill level 5 in Long Blades
  3668 | D:3      | Reached skill level 5 in Dodging
  4381 | D:4      | Reached XP level 7. HP: 43/56 MP: 15/15
  4621 | D:4      | Found a shadowy altar of Dithmenos.
  4884 | D:5      | Entered Level 5 of the Dungeon
  5443 | D:5      | Learned a level 3 spell: Regeneration
  5751 | D:6      | Noticed Sigmund
  5769 | D:6      | Killed Sigmund
  6033 | D:6      | Found a sparkling altar of Nemelex Xobeh.
  6133 | D:6      | Found a sand-covered staircase.
  6140 | Ossuary  | Entered an ossuary
  6167 | Ossuary  | Slain by a mummy

Skill      XL: |  1  2  3  4  5  6  7 |
---------------+----------------------+-----
Spellcasting   | 5 |  5.7
Invocations    | 1 2 3 |  3.0
Short Blades   | 1 2 |  2.7
Axes           | 1 2 |  2.7
Maces & Flails | 1 2 |  2.7
Polearms       | 1 2 |  2.7
Staves         | 1 2 |  2.7
Slings         | 1 2 |  2.7
Bows           | 1 2 |  2.7
Crossbows      | 1 2 |  2.7
Throwing       | 1 2 |  2.7
Stealth        | 1 2 |  2.7
Shields        | 1 2 |  2.7
Unarmed Combat | 1 2 |  2.7
Evocations     | 1 2 |  2.7
Conjurations   | 1 2 |  2.2
Hexes          | 1 2 |  2.2
Summonings     | 1 2 |  2.2
Necromancy     | 1 2 |  2.2
Translocations | 1 2 |  2.2
Transmutations | 1 2 |  2.2
Fire Magic     | 1 2 |  2.2
Ice Magic      | 1 2 |  2.2
Air Magic      | 1 2 |  2.2
Earth Magic    | 1 2 |  2.2
Poison Magic   | 1 2 |  2.2
Armour         | 3 |  3.8
Fighting       | 5 |  5.4
Long Blades    | 5 |  5.4
Dodging        | 5 |  5.4
Charms         | |  5.9

Action                   |  1- 3 |  4- 6 |  7- 9 || total
-------------------------+-------+-------+-------++-------
Melee: Falchion          |   128 |   161 |    92 ||   381
       Bite              |    10 |    19 |     6 ||    35
       Punch             |       |     2 |       ||     2
 Cast: Infusion          |       |     5 |     1 ||     6
       Shroud of Golubri |       |     2 |     1 ||     3
       Spectral Weapon   |       |     2 |       ||     2
       Song of Slaying   |       |     1 |       ||     1
       Regeneration      |       |       |     2 ||     2
  Use: Potion            |     1 |     4 |     3 ||     8
       Scroll            |       |     5 |     3 ||     8
 Stab: Sleeping          |     3 |     5 |     1 ||     9
       Distracted        |       |       |     1 ||     1
  Eat: Chunk             |       |     5 |     5 ||    10
       Ration            |       |     2 |       ||     2
Armor: Leather armour    |    34 |    39 |    13 ||    86
       Skin              |     5 |    16 |    29 ||    50
Dodge: Dodged            |   119 |   136 |    53 ||   308
       Rpst.: Falchion   |    28 |    39 |    11 ||    78
